[Event "Team 45 45 League T46"]
[Site "Internet Chess Club"]
[Date "2010.09.06"]
[Round "5"]
[White "Lokath"]
[Black "smitty120"]
[Result "1-0"]
[WhiteElo "1877"]
[BlackElo "1826"]
[Opening "Ruy Lopez: 5.O-O"]
[ECO "C78"]
[Time "10:01:21"]
[TimeControl "2700+45"]

1. e4 e5 2. Nf3 Nc6 3. Bb5 a6 4. Ba4 Nf6 5. O-O b5 6. Bb3 Bc5 7. d3 d6 8. a4 Rb8
9. axb5 axb5 10. Be3 O-O 11. Nbd2 Bd7 12. h3 Qe7 13. c3 b4 14. Bxc5 dxc5 15. Bd5
Nd8 16. Qc2 Bb5 17. cxb4 Nxd5 18. exd5 cxb4 19. Rfe1 f6 20. d4 Nf7 21. dxe5 fxe5
22. Ra7 Qd6 23. Qxc7 Rbc8 24. Qxd6 Nxd6 25. Rxe5 Rc2 26. Ree7 Nf5 27. Reb7
{Black resigns} 1-0

[Event "Team 45 45 League T46"]
[Site "Internet Chess Club"]
[Date "2010.09.05"]
[Round "5"]
[White "tenor"]
[Black "tigereye"]
[Result "1-0"]
[WhiteElo "1803"]
[BlackElo "1822"]
[Opening "Ruy Lopez: closed, Bogolyubov variation"]
[ECO "C91"]
[Time "15:00:51"]
[TimeControl "2700+45"]

1. e4 e5 2. Nf3 Nc6 3. Bb5 a6 4. Ba4 Nf6 5. O-O Be7 6. Re1 b5 7. Bb3 O-O 8. d4
d6 9. c3 Bg4 10. Be3 exd4 11. cxd4 d5 12. e5 Ne4 13. Nc3 Nxc3 14. bxc3 Qd7 15.
Rc1 Nd8 16. Bc2 f5 17. a4 b4 18. Bd2 bxc3 19. Bxc3 Ne6 20. Bd3 Ng5 21. Be2 Ne4
22. h3 Nxc3 23. Rxc3 Bb4 24. Qb3 Bxc3 25. Qxc3 Bh5 26. Rc1 Qxa4 27. Ra1 Qd7 28.
Rxa6 Rxa6 29. Bxa6 Bxf3 30. Qxf3 Qa4 31. Qxd5+ Kh8 32. Qc5 Rd8 33. Qxc7 Qd1+ 34.
Kh2 Qxd4 35. e6 Rd6 36. e7 Qe5+ 37. g3 {Black forfeits on time} 1-0

[Event "Team 45 45 League T46"]
[Site "Internet Chess Club"]
[Date "2010.09.05"]
[Round "5"]
[White "Deebs"]
[Black "LukeOZade"]
[Result "0-1"]
[WhiteElo "1755"]
[BlackElo "1761"]
[Opening "Queen's pawn: Torre attack"]
[ECO "A45"]
[Time "07:07:49"]
[TimeControl "2700+45"]

1. d4 Nf6 2. Bg5 e6 3. Nf3 h6 4. Bh4 c5 5. c3 d5 6. e3 Nc6 7. Nbd2 Be7 8. Be2
O-O 9. O-O Qb6 10. Qb3 c4 11. Qxb6 axb6 12. Ne5 g5 13. Nxc6 bxc6 14. Bg3 Bd7 15.
f3 Ne8 16. e4 Nd6 17. Rfb1 Ra7 18. a3 f5 19. Bxd6 Bxd6 20. exd5 exd5 21. g3 b5
22. Re1 f4 23. g4 c5 24. Bd1 cxd4 25. cxd4 Bc7 26. Bc2 Bb6 27. Rab1 Bxd4+ 28.
Kg2 Be3 29. Rbd1 Bc6 30. Nf1 Re7 31. Nxe3 fxe3 32. Rd4 Rf4 33. Rxf4 gxf4 34. h4
d4 35. Bf5 d3 {White resigns} 0-1

[Event "Team 45 45 League T46"]
[Site "Internet Chess Club"]
[Date "2010.09.06"]
[Round "5"]
[White "siddhu"]
[Black "RayF"]
[Result "0-1"]
[WhiteElo "1806"]
[BlackElo "1841"]
[Opening "Sicilian: Najdorf, 7...Be7"]
[ECO "B98"]
[Time "09:00:15"]
[TimeControl "2700+45"]

1. e4 c5 2. Nf3 d6 3. d4 cxd4 4. Nxd4 Nf6 5. Nc3 a6 6. Bg5 e6 7. f4 Be7 8. Qf3
Nbd7 9. Bc4 Qc7 10. Bxe6 fxe6 11. Nxe6 Qb6 12. Nxg7+ Kf7 13. Nf5 Re8 14. O-O-O
Bf8 15. Rhf1 Qc7 16. Nd5 Qc6 17. Nd4 Qc4 18. b3 Qc5 19. Bxf6 Nxf6 20. Nxf6 Kxf6
21. g4 Kf7 22. g5 Kg8 23. f5 Bg7 24. Ne2 Qa3+ 25. Kd2 Qxa2 26. h4 Qa5+ 27. c3
Qa2+ 28. Kd3 d5 29. exd5 Bxf5+ 30. Kc4 b5+ 31. Kb4 Be4 32. Qf7+ Kh8 33. Nd4 Bf8+
{White resigns} 0-1

[Event "Team 45 45 League T46"]
[Site "Internet Chess Club"]
[Date "2010.09.05"]
[Round "5"]
[White "cityprosecutor"]
[Black "AronT"]
[Result "0-1"]
[WhiteElo "1758"]
[BlackElo "2050"]
[Opening "French: King's Indian attack"]
[ECO "C00"]
[Time "07:43:54"]
[TimeControl "2700+45"]

1. e4 e6 2. d3 d5 3. Nd2 Nf6 4. g3 c5 5. Bg2 Nc6 6. Ngf3 Be7 7. O-O Qc7 8. Re1
b6 9. Nf1 Bb7 10. Bf4 Qd7 11. e5 Ng8 12. a4 O-O-O 13. c3 f5 14. b4 cxb4 15. cxb4
Bxb4 16. Re2 h6 17. Rc2 g5 18. Bd2 Bxd2 19. N1xd2 Kb8 20. Nb3 Nge7 21. a5 bxa5
22. Nxa5 Nxa5 23. Rxa5 Nc6 24. Ra3 g4 25. Nd2 Nxe5 26. Rca2 Nc6 27. Qb1 Qc7 28.
Nb3 Nb4 29. Rb2 Qc3 30. Ra1 Nxd3 31. Rc2 Qb4 32. Qa2 Qb6 33. Qa4 Rc8 34. Rca2
Nc5 35. Nxc5 Rxc5 36. Qd1 Rhc8 37. Bf1 Qc6 38. Rxa7 d4 39. Rxb7+ Kxb7 40. Bg2
Rd5 41. Qb3+ Kc7 42. Ra7+ Kd6 43. Bxd5 Qxd5 44. Qb6+ Ke5 45. Ra5 Rc1# {White
checkmated} 0-1

[Event "Team 45 45 League T46"]
[Site "Internet Chess Club"]
[Date "2010.09.02"]
[Round "5"]
[White "froggoathorse"]
[Black "Diperblu"]
[Result "0-1"]
[WhiteElo "1693"]
[BlackElo "1687"]
[Opening "Sicilian defense"]
[ECO "B33"]
[Time "16:50:11"]
[TimeControl "2700+45"]

1. e4 c5 2. Nf3 Nc6 3. d4 cxd4 4. Nxd4 Nf6 5. Nc3 e6 6. Ndb5 Bb4 7. Bf4 Nxe4 8.
Qf3 d5 9. Nc7+ Kf8 10. O-O-O Bxc3 11. bxc3 e5 12. Nxd5 Ng5 13. Bxg5 Qxg5+ 14.
Kb1 h5 15. h4 Qg4 16. Qe3 Qxd1+ {White resigns} 0-1

[Event "Team 45 45 League T46"]
[Site "Internet Chess Club"]
[Date "2010.09.03"]
[Round "5"]
[White "Two-DogMan"]
[Black "UnderRated"]
[Result "0-1"]
[WhiteElo "1437"]
[BlackElo "1623"]
[Opening "Sicilian defense"]
[ECO "B20"]
[Time "19:14:18"]
[TimeControl "2700+45"]

1. e4 c5 2. d3 e6 3. Nf3 d6 4. Nc3 g6 5. Be2 Bg7 6. Bd2 Nc6 7. O-O Nf6 8. Bf4
Nh5 9. Bg5 f6 10. Be3 f5 11. exf5 exf5 12. Bg5 Qd7 13. h3 O-O 14. Nh4 Nf6 15.
Qd2 d5 16. Bh6 d4 17. Nb1 b6 18. Bxg7 Qxg7 19. Nf3 Bb7 20. c3 Rad8 21. Ng5 Rfe8
22. Na3 h6 23. Nf3 dxc3 24. bxc3 Ne4 25. Qc2 Nxc3 26. Rae1 Nb4 27. Qb3+ Bd5 28.
Nc4 Nxe2+ 29. Kh2 Qc7+ 30. Kh1 b5 31. a3 bxc4 32. dxc4 Bxf3 33. gxf3 Nc6 34. Qb2
Ncd4 35. Qd2 Nxf3 36. Qxh6 Qh2# {White checkmated} 0-1

[Event "Team 45 45 League T46"]
[Site "Internet Chess Club"]
[Date "2010.09.04"]
[Round "5"]
[White "leland"]
[Black "frank001"]
[Result "1/2-1/2"]
[WhiteElo "1832"]
[BlackElo "1823"]
[Opening "Alekhine's defense"]
[ECO "B03"]
[Time "22:00:13"]
[TimeControl "2700+45"]

1. e4 Nf6 2. e5 Nd5 3. d4 d6 4. exd6 exd6 5. Nf3 Bg4 6. c3 Be7 7. h3 Bh5 8. Bd3
O-O 9. O-O Re8 10. Re1 Nc6 11. Bc4 Nb6 12. Bb3 Bg6 13. Bf4 d5 14. Nbd2 Qd7 15.
Ne5 Nxe5 16. Bxe5 c6 17. Bc2 f6 18. Bf4 Nc8 19. Nf3 Nd6 20. Bxg6 hxg6 21. Qd3
Ne4 22. Nd2 f5 23. Nf3 g5 24. Be5 g4 25. hxg4 fxg4 26. Nd2 Nxd2 27. Qxd2 Qf5 28.
Qf4 Qg6 29. Re2 Bh4 30. Rae1 Rf8 31. Qe3 Rae8 32. Qd2 Bg5 33. Qc2 Qh5 34. Bh2
Bh4 35. Rxe8 Rxe8 36. Rxe8+ Qxe8 37. Be5 Qf7 {Game drawn by mutual agreement}
1/2-1/2

[Event "Team 45 45 League T46"]
[Site "Internet Chess Club"]
[Date "2010.09.12"]
[Round "5"]
[White "jjmolina"]
[Black "ice-cream"]
[Result "1/2-1/2"]
[WhiteElo "1739"]
[BlackElo "1668"]
[Opening "Sicilian: accelerated fianchetto, modern variation with Bc4"]
[ECO "B35"]
[Time "11:00:14"]
[TimeControl "2700+45"]

1. e4 c5 2. Nf3 Nc6 3. d4 cxd4 4. Nxd4 g6 5. Nc3 Bg7 6. Be3 Nf6 7. Bc4 O-O 8.
O-O Nxe4 9. Nxe4 d5 10. Nxc6 bxc6 11. Bd3 dxe4 12. Bxe4 Ba6 13. Qxd8 Rfxd8 14.
Rfd1 Rxd1+ 15. Rxd1 Bb5 16. Rd7 Bxb2 17. Rxe7 Rd8 18. h3 a6 19. Bf3 Bf6 20. Re4
a5 21. Bb6 Rd2 {Game drawn by mutual agreement} 1/2-1/2

[Event "Team 45 45 League T46"]
[Site "Internet Chess Club"]
[Date "2010.09.04"]
[Round "5"]
[White "rainden"]
[Black "johnnyperez"]
[Result "1/2-1/2"]
[WhiteElo "1561"]
[BlackElo "1644"]
[Opening "King's pawn game"]
[ECO "C21"]
[Time "22:00:41"]
[TimeControl "2700+45"]

1. e4 e5 2. d4 Nf6 3. dxe5 Nxe4 4. Nf3 Bc5 5. Be3 Bxe3 6. fxe3 Nc6 7. Bd3 d5 8.
Bxe4 dxe4 9. Qxd8+ Nxd8 10. Ng5 O-O 11. Nxe4 Bf5 12. Ng3 Bxc2 13. Na3 Bd3 14.
Rd1 Ba6 15. b4 b6 16. Rd7 Ne6 17. Nc2 Rad8 18. Rd2 Rd3 19. Rxd3 Bxd3 20. Nd4 c5
21. Nxe6 fxe6 22. bxc5 bxc5 23. Kd2 c4 24. Kc3 Rf2 25. Rg1 Rxa2 26. Kd4 Rd2 27.
Kc3 Rc2+ 28. Kd4 Kf7 29. Ne4 Ke7 30. Nc5 Bg6 31. Ra1 Rd2+ 32. Kxc4 Be8 33. Rxa7+
Bd7 34. e4 Ke8 35. Kc3 Rd1 36. Kc2 Rd4 37. Kc3 Rd1 38. Kc2 Rd4 39. Kc3 Rd1 40.
Kc2 {Game drawn by repetition} 1/2-1/2

[Event "Team 45 45 League T46"]
[Site "Internet Chess Club"]
[Date "2010.09.05"]
[Round "5"]
[White "IceBox"]
[Black "jt2000"]
[Result "1-0"]
[WhiteElo "1711"]
[BlackElo "1688"]
[Opening "Blackmar-Diemer: Euwe defense"]
[ECO "D00"]
[Time "13:03:08"]
[TimeControl "2700+45"]

1. d4 d5 2. e4 dxe4 3. Nc3 Nf6 4. f3 exf3 5. Nxf3 e6 6. Bd3 Bb4 7. O-O Nc6 8. a3
Ba5 9. Ne2 Bb6 10. Be3 Ng4 11. Qd2 O-O 12. c4 a6 13. c5 Ba7 14. Bg5 f6 15. Bh4
e5 16. h3 Nh6 17. b4 exd4 18. Bc4+ Kh8 19. Nexd4 Nxd4 20. Nxd4 Nf5 21. Bf2 b6
22. Rad1 Nxd4 23. Bxd4 bxc5 24. bxc5 Re8 25. Qc3 Qe7 26. Rfe1 Qf8 27. Rxe8 Qxe8
28. Bxf6 Bxc5+ 29. Kh1 Bf8 30. Rd8 Qxd8 31. Bxd8 Bxh3 32. Bxc7 Rc8 33. Qe5 Bd7
34. Bxa6 Ra8 35. Bd6 Re8 36. Qxe8 Bxe8 37. Bxf8 Kg8 38. Bc5 Bc6 39. Kh2 g6 40.
g4 h6 41. Bc4+ Kh7 42. Kg3 Ba4 43. Kf4 Bd7 44. Bb3 g5+ 45. Kg3 Bc6 46. a4 Ba8
47. a5 Bb7 48. Bc4 Kg6 49. a6 Ba8 50. Kf2 Kf6 51. Bf8 Kg6 52. Bd3+ Kf7 53. Bxh6
Ke6 54. Bxg5 Kd6 55. Be3 Kc7 56. Kg3 Kb8 57. Kf4 Bc6 58. Ke5 Bh1 59. g5 Bc6 60.
g6 {Black resigns} 1-0

[Event "Team 45 45 League T46"]
[Site "Internet Chess Club"]
[Date "2010.09.04"]
[Round "5"]
[White "NFork"]
[Black "AG2009"]
[Result "0-1"]
[WhiteElo "2185"]
[BlackElo "2289"]
[Opening "Caro-Kann: advance variation"]
[ECO "B12"]
[Time "06:02:50"]
[TimeControl "2700+45"]

1. e4 c6 2. d4 d5 3. e5 c5 4. dxc5 e6 5. Be3 Qc7 6. Nc3 a6 7. f4 Bxc5 8. Bxc5
Qxc5 9. Qg4 g6 10. Bd3 Nc6 11. O-O-O b5 12. Nf3 b4 13. Ne2 a5 14. Ned4 Nxd4 15.
Nxd4 Bd7 16. Be2 Ne7 17. Qg5 a4 18. Rd3 a3 19. b3 Rc8 20. Bd1 Bb5 21. Nxb5 Qxb5
22. Qf6 Rg8 23. Rh3 h5 24. g4 hxg4 25. Rh8 Qc5 26. Re1 Qd4 27. Rxg8+ Nxg8 28.
Qg5 Ne7 29. Qxg4 Nf5 30. Qg1 Qxf4+ 31. Kb1 Nd4 32. Qe3 Qxe3 33. Rxe3 Rc3 34. Re1
Rh3 {White resigns} 0-1

[Event "Team 45 45 League T46"]
[Site "Internet Chess Club"]
[Date "2010.09.04"]
[Round "5"]
[White "Camalleo"]
[Black "Dreamshell"]
[Result "1-0"]
[WhiteElo "1948"]
[BlackElo "1915"]
[Opening "Caro-Kann: two knights variation"]
[ECO "B11"]
[Time "12:32:59"]
[TimeControl "2700+45"]

1. e4 c6 2. Nc3 d5 3. Nf3 dxe4 4. Nxe4 Nd7 5. Bc4 e6 6. O-O Ngf6 7. Nxf6+ Nxf6
8. d4 Be7 9. Ne5 O-O 10. f4 c5 11. Be3 b6 12. dxc5 Qxd1 13. Raxd1 bxc5 14. Nc6
Re8 15. Nxe7+ Rxe7 16. Bxc5 Rd7 17. Be2 Bb7 18. c3 Bc6 19. Rxd7 Nxd7 20. Bd4 f6
21. Rd1 Kf7 22. Bf3 Bxf3 23. gxf3 Kg6 24. c4 Kf5 25. Be3 Nb6 26. b3 h6 27. Kf2
g5 28. fxg5 hxg5 29. Rd6 Ke5 30. Rc6 Nc8 31. Rc7 Kd6 32. Rf7 Ke5 33. Rf8 a6 34.
Bd2 Kf5 35. Ba5 Kg6 36. Bd8 Kg7 37. Rxf6 Nd6 38. Be7 Nf5 39. Rxe6 Kf7 {Black
resigns} 1-0

[Event "Team 45 45 League T46"]
[Site "Internet Chess Club"]
[Date "2010.09.06"]
[Round "5"]
[White "qs16"]
[Black "fishhead"]
[Result "0-1"]
[WhiteElo "1681"]
[BlackElo "1758"]
[Opening "Queen's pawn game"]
[ECO "A45"]
[Time "15:00:48"]
[TimeControl "2700+45"]

1. d4 Nf6 2. Nd2 e5 3. dxe5 Ng4 4. e4 Nxe5 5. Ngf3 d6 6. h3 Be7 7. Nc4 Nbc6 8.
Bf4 Bf6 9. Ncxe5 Nxe5 10. c3 O-O 11. Be2 Be6 12. Qc2 Qe7 13. Nxe5 Bxe5 14. Bxe5
dxe5 15. O-O c5 16. b3 c4 17. Rad1 Rac8 18. bxc4 Bxc4 19. Bxc4 Rxc4 20. Rfe1
Rfc8 21. Rd3 g6 22. Qb3 R8c7 23. Kh1 Qc5 24. Ree3 Qc6 25. f3 Qc5 26. Kh2 h5 27.
Qb2 h4 28. Qd2 Qe7 29. Re1 Qf6 30. Kh1 b5 31. Rd1 Qf4 32. Rd8+ Kg7 33. Qd6 Rxc3
34. Qf8+ Kf6 35. R8d6+ Kg5 36. Qd8+ f6 37. Qe8 b4 38. Qa4 R3c4 39. Qb3 a5 40.
R6d5 R7c5 41. R5d2 Rc3 42. Qb2 Ra3 43. Rg1 Qe3 44. Re2 Qc3 45. Qb1 Kf4 46. Qf1
Kg5 47. Qf2 Rc4 48. Kh2 Rd4 49. g3 Qxf3 50. gxh4+ Kh5 51. Qg2 Qxg2+ 52. Rexg2
Rxe4 53. Rxg6 Re2+ {White resigns} 0-1

[Event "Team 45 45 League T46"]
[Site "Internet Chess Club"]
[Date "2010.09.04"]
[Round "5"]
[White "CREDITorDEBIT"]
[Black "oldsj"]
[Result "1-0"]
[WhiteElo "1861"]
[BlackElo "1636"]
[Opening "Ruy Lopez: open, Howell attack"]
[ECO "C81"]
[Time "18:00:19"]
[TimeControl "2700+45"]

1. e4 e5 2. Nf3 Nc6 3. Bb5 a6 4. Ba4 Nf6 5. O-O Nxe4 6. d4 b5 7. Bb3 d5 8. dxe5
Be6 9. Qe2 Bc5 10. Be3 Qe7 11. Rd1 Rd8 12. Nbd2 Bxe3 13. Qxe3 Nc5 14. c3 Nxb3
15. Nxb3 O-O 16. Nfd4 Qd7 17. Nc5 Qe8 18. Nxa6 Nxd4 19. cxd4 Rc8 20. Rdc1 c6 21.
Rc5 Bd7 22. Rac1 Qe6 23. Qc3 f6 24. Nb4 fxe5 25. dxe5 Qf5 26. Qd4 Qg5 27. g3 Rf3
28. Nxd5 Rcf8 29. Nf6+ gxf6 30. Qxd7 {Black resigns} 1-0

[Event "Team 45 45 League T46"]
[Site "Internet Chess Club"]
[Date "2010.09.02"]
[Round "5"]
[White "Campagnolo"]
[Black "Deckfuel"]
[Result "0-1"]
[WhiteElo "2041"]
[BlackElo "1970"]
[Opening "English opening"]
[ECO "A10"]
[Time "05:30:21"]
[TimeControl "2700+45"]

1. c4 b6 2. Nc3 Bb7 3. Nf3 e6 4. g3 f5 5. Bg2 Nf6 6. O-O Bb4 7. Qc2 O-O 8. a3
Bxc3 9. Qxc3 Qe7 10. d3 d6 11. b4 Nbd7 12. Bb2 e5 13. e3 c5 14. Rfd1 Rae8 15. d4
cxd4 16. exd4 e4 17. Ne1 d5 18. Bc1 Nh5 19. f4 Qf6 20. Nc2 Rc8 21. Bf1 Kh8 22.
Be2 g6 23. Qb3 Ba6 24. b5 dxc4 25. Bxc4 Bb7 26. Bb2 Ng7 27. Ne3 Qd6 28. a4 Rfd8
29. Rac1 Nf6 30. Ba3 Qd7 31. d5 h6 32. d6 Kh7 33. Qb2 Nge8 34. Qe5 Qg7 35. Qe7
Rd7 36. Qe5 Rdd8 37. Be6 Nd7 38. Qxg7+ Nxg7 39. Bxd7 Rxd7 40. Rxc8 Bxc8 41. Nd5
Ne8 42. Ne7 Bb7 43. Kf2 Kg7 44. Ke3 Kf7 45. Rd4 Ng7 46. Nc6 Ne6 47. Ne5+ Ke8 48.
Rd1 Rg7 49. d7+ Kd8 50. Nc6+ Bxc6 51. bxc6 Kc7 52. Bd6+ Kxc6 53. Be5 Rxd7 {White
resigns} 0-1

[Event "Team 45 45 League T46"]
[Site "Internet Chess Club"]
[Date "2010.09.05"]
[Round "5"]
[White "Boromir"]
[Black "sammj"]
[Result "1-0"]
[WhiteElo "2017"]
[BlackElo "2122"]
[Opening "Réti opening"]
[ECO "A30"]
[Time "02:00:13"]
[TimeControl "2700+45"]

1. Nf3 c5 2. c4 Nc6 3. Nc3 e5 4. d3 g6 5. g3 Bg7 6. Bg2 Nge7 7. O-O O-O 8. Nd5
Nxd5 9. cxd5 Ne7 10. e4 d6 11. a3 Bg4 12. Be3 Rc8 13. Qd2 Qd7 14. Rac1 b6 15. b4
Bh3 16. bxc5 dxc5 17. Qc2 Bxg2 18. Kxg2 f5 19. Qb3 Kh8 20. Bd2 f4 21. Bc3 fxg3
22. fxg3 Qd6 23. Qb2 Nxd5 24. exd5 Rf5 25. Rce1 {Black resigns} 1-0

[Event "Team 45 45 League T46"]
[Site "Internet Chess Club"]
[Date "2010.09.11"]
[Round "5"]
[White "eSeM"]
[Black "ivanson"]
[Result "1/2-1/2"]
[WhiteElo "1982"]
[BlackElo "1839"]
[Opening "Scotch: Schmidt variation"]
[ECO "C45"]
[Time "19:30:09"]
[TimeControl "2700+45"]

1. e4 e5 2. Nf3 Nc6 3. d4 exd4 4. Nxd4 Nf6 5. Nc3 Bb4 6. Nxc6 bxc6 7. Bg5 Be7 8.
Bc4 O-O 9. O-O d6 10. Re1 Re8 11. e5 Ng4 12. Bxe7 Qxe7 13. e6 d5 {Game drawn by
mutual agreement} 1/2-1/2

[Event "Team 45 45 League T46"]
[Site "Internet Chess Club"]
[Date "2010.09.04"]
[Round "5"]
[White "Paulkov"]
[Black "DTK"]
[Result "1/2-1/2"]
[WhiteElo "2284"]
[BlackElo "2203"]
[Opening "French: MacCutcheon, Chigorin variation"]
[ECO "C12"]
[Time "17:54:17"]
[TimeControl "2700+45"]

1. e4 e6 2. d4 d5 3. Nc3 Nf6 4. Bg5 Bb4 5. e5 h6 6. exf6 hxg5 7. fxg7 Rg8 8. h4
Nc6 9. h5 Rxg7 10. Bb5 Bd7 11. Qd3 Qf6 12. h6 Rg8 13. h7 Rh8 14. O-O-O O-O-O 15.
Bxc6 Bxc6 16. Nf3 Qg7 17. Rde1 g4 18. Ne5 Be8 19. f3 g3 20. Rh3 f6 21. Ng4 Bg6
22. Qe3 Bf5 23. Rxg3 Rxh7 24. Rh3 Rdh8 25. Rxh7 Rxh7 26. a3 Bxc3 27. bxc3 Bxg4
28. fxg4 Qxg4 29. Qxe6+ Qxe6 30. Rxe6 {Game drawn by mutual agreement} 1/2-1/2

[Event "Team 45 45 League T46"]
[Site "Internet Chess Club"]
[Date "2010.09.05"]
[Round "5"]
[White "YoniKer"]
[Black "MaartenKoning"]
[Result "0-1"]
[WhiteElo "2192"]
[BlackElo "2305"]
[Opening "Two knights defense (Modern bishop's opening)"]
[ECO "C55"]
[Time "14:01:26"]
[TimeControl "2700+45"]

1. e4 e5 2. Nf3 Nc6 3. Bc4 Nf6 4. d3 Be7 5. Nc3 O-O 6. a3 d6 7. O-O Bg4 8. h3
Bh5 9. g4 Nxg4 10. hxg4 Bxg4 11. Be3 Kh8 12. Kg2 f5 13. Be6 Qe8 14. Bxf5 Bxf5
15. exf5 Rxf5 16. Ne4 Qg6+ 17. Ng3 Raf8 18. Nd2 d5 19. f3 Bh4 20. Bf2 Rg5 21.
Qe1 Nd4 22. Rh1 Nxc2 23. Rxh4 Nxe1+ 24. Rxe1 Qxd3 25. Be3 Rg6 {White resigns}
0-1

[Event "Team 45 45 League T46"]
[Site "Internet Chess Club"]
[Date "2010.09.05"]
[Round "5"]
[White "nb"]
[Black "xakelari"]
[Result "1-0"]
[WhiteElo "2146"]
[BlackElo "2049"]
[Opening "QGD: Tarrasch, Réti variation"]
[ECO "D30"]
[Time "15:30:07"]
[TimeControl "2700+45"]

1. d4 d5 2. c4 e6 3. Nf3 c5 4. cxd5 exd5 5. g3 Nc6 6. Bg2 Nf6 7. O-O Be7 8. Nc3
O-O 9. dxc5 Bxc5 10. Na4 Be7 11. Be3 Bg4 12. Rc1 Re8 13. Nc5 Bxc5 14. Bxc5 Qd7
15. Re1 Rac8 16. Be3 Bf5 17. Nd4 Be4 18. f3 Bg6 19. Qd2 h6 20. b3 Nh7 21. Nxc6
bxc6 22. Qd4 Rc7 23. Bf4 Rb7 24. Be3 Nf8 25. Bf2 Bf5 26. Qa4 Rc8 27. Red1 Qe6
28. Re1 Qd7 29. Red1 Qe6 30. Qa6 Rbc7 31. Re1 c5 32. Qxe6 Bxe6 33. Red1 Nd7 34.
Rc2 Kf8 35. Rdc1 Ke7 36. g4 c4 37. Bd4 g6 38. Rc3 Kd6 39. h3 Nc5 40. Be3 g5 41.
f4 f6 42. f5 Bf7 43. Bf2 Nd7 44. Rd1 cxb3 45. Rxb3 Ne5 46. e4 Rc1 47. Rb1 Rxb1
48. Rxb1 dxe4 49. Bxe4 Bxa2 50. Ra1 Bb3 51. Bxa7 Nd7 52. Bf2 Bf7 53. Bg3+ Ne5
54. Ra6+ Ke7 55. Bxe5 fxe5 56. Rxh6 Rc3 57. Kg2 Ra3 58. Rc6 Ra7 59. Rc3 Kf6 60.
Kg3 Ra4 61. Bg2 Rf4 62. Rc6+ Kg7 63. h4 gxh4+ 64. Kxh4 Rc4 65. Rxc4 Bxc4 66. Be4
Be2 67. g5 Bd1 68. Kg3 Kf7 69. Kf2 Bg4 70. Ke3 Bh3 71. Kd2 Ke7 72. Ke3 Kd6 73.
Bc2 Bg2 74. Bb3 Ke7 75. f6+ Kf8 76. g6 {Black resigns} 1-0

[Event "Team 45 45 League T46"]
[Site "Internet Chess Club"]
[Date "2010.09.03"]
[Round "5"]
[White "Turzo"]
[Black "QueensCounselor"]
[Result "1-0"]
[WhiteElo "2328"]
[BlackElo "2166"]
[Opening "Petrov: Nimzovich attack"]
[ECO "C42"]
[Time "13:00:52"]
[TimeControl "2700+45"]

1. e4 e5 2. Nf3 Nf6 3. Nxe5 d6 4. Nf3 Nxe4 5. Nc3 Nxc3 6. dxc3 Be7 7. Be3 O-O 8.
Qd2 Be6 9. O-O-O Nd7 10. Kb1 Ne5 11. h4 Bg4 12. Be2 Bf6 13. Nxe5 Bxe2 14. Nxf7
Rxf7 15. Qxe2 Bxh4 16. Qh5 Bxf2 17. Qxh7+ Kf8 18. Qh8+ Ke7 19. Bg5+ {Black
resigns} 1-0

[Event "Team 45 45 League T46"]
[Site "Internet Chess Club"]
[Date "2010.09.02"]
[Round "5"]
[White "izit"]
[Black "PandorasBox"]
[Result "1-0"]
[WhiteElo "2243"]
[BlackElo "1974"]
[Opening "Budapest: Fajarowicz variation"]
[ECO "A51"]
[Time "16:00:33"]
[TimeControl "2700+45"]

1. d4 Nf6 2. c4 e5 3. dxe5 Ne4 4. Nf3 Bb4+ 5. Nbd2 Nxd2 6. Bxd2 Qe7 7. Bxb4
Qxb4+ 8. Qd2 Qxc4 9. e3 Qe6 10. Qc3 Nc6 11. Bc4 Qe7 12. O-O O-O 13. Bd5 Nb4 14.
Rfd1 Nxd5 15. Rxd5 c6 16. Rd6 b6 17. Rad1 Re8 18. h4 h6 19. R1d4 c5 20. Rg4 Kh8
21. h5 Rg8 22. Nh4 {Black resigns} 1-0

[Event "Team 45 45 League T46"]
[Site "Internet Chess Club"]
[Date "2010.09.04"]
[Round "5"]
[White "DavidBarnsley"]
[Black "jonesey"]
[Result "1-0"]
[WhiteElo "1998"]
[BlackElo "1937"]
[Opening "Four knights: symmetrical, Metger unpin"]
[ECO "C49"]
[Time "14:02:53"]
[TimeControl "2700+45"]

1. e4 e5 2. Nf3 Nc6 3. Nc3 Nf6 4. Bb5 Bb4 5. d3 d6 6. O-O O-O 7. Bg5 Bxc3 8.
bxc3 Qe7 9. Re1 Nd8 10. d4 Ne6 11. Bc1 c6 12. Bf1 Rd8 13. g3 Nf8 14. Bg2 Bg4 15.
h3 Bh5 16. g4 Bg6 17. Nh4 N6d7 18. Nf5 Bxf5 19. exf5 Nb6 20. Qf3 f6 21. a4 Nfd7
22. a5 Nc4 23. a6 Nb8 24. Qd3 d5 25. dxe5 fxe5 26. Bg5 {Black resigns} 1-0

[Event "Team 45 45 League T46"]
[Site "Internet Chess Club"]
[Date "2010.09.04"]
[Round "5"]
[White "eurander"]
[Black "LT-Prad"]
[Result "1-0"]
[WhiteElo "2179"]
[BlackElo "2106"]
[Opening "Ruy Lopez: Wormald (Alapin) attack"]
[ECO "C77"]
[Time "12:02:02"]
[TimeControl "2700+45"]

1. e4 e5 2. Nf3 Nc6 3. Bb5 a6 4. Ba4 Nf6 5. Qe2 b5 6. Bb3 Bc5 7. d3 d6 8. c3 Be6
9. O-O O-O 10. Bg5 Kh8 11. Bd5 Bxd5 12. exd5 Nb8 13. Nbd2 Nbd7 14. Ne4 Bb6 15.
a4 bxa4 16. Rxa4 a5 17. Nfd2 h6 18. Bh4 g5 19. Nxg5 hxg5 20. Bxg5 Qe8 21. Rh4+
Kg7 22. Bh6+ Kg6 23. Bxf8 Qxf8 24. Ne4 Qg7 25. Qf3 Rg8 26. Rh3 Nxe4 27. dxe4 Qf6
28. Rg3+ Kh7 29. Qh5+ {Black resigns} 1-0

[Event "Team 45 45 League T46"]
[Site "Internet Chess Club"]
[Date "2010.09.03"]
[Round "5"]
[White "Ptzz"]
[Black "syy89"]
[Result "1-0"]
[WhiteElo "2080"]
[BlackElo "2098"]
[Opening "Dutch: Leningrad, main variation"]
[ECO "A87"]
[Time "14:00:18"]
[TimeControl "2700+45"]

1. d4 f5 2. g3 Nf6 3. Bg2 g6 4. Nf3 Bg7 5. c4 d6 6. O-O O-O 7. Nc3 Qe8 8. Re1
Qf7 9. b3 Ne4 10. Bb2 Nc6 11. e3 e5 12. dxe5 dxe5 13. a3 h6 14. Qc2 g5 15. Nxe4
fxe4 16. Nd2 Qxf2+ 17. Kh1 Rd8 18. Bc3 Bg4 19. Bxe4 Rd7 20. Rf1 Qxe3 21. Rae1
Qc5 22. Bd5+ Kh8 23. Qe4 Bh3 24. Rf3 Rf8 25. g4 Rf4 26. Rxf4 gxf4 27. Qf3 Qxa3
28. Qxh3 Qd6 29. Ne4 Qg6 30. g5 Re7 31. Qc8+ Re8 32. Qxc7 {Black resigns} 1-0

[Event "Team 45 45 League T46"]
[Site "Internet Chess Club"]
[Date "2010.09.02"]
[Round "5"]
[White "Freitac"]
[Black "Deckfuel"]
[Result "1-0"]
[WhiteElo "1936"]
[BlackElo "1963"]
[Opening "Kevitz-Trajkovich defense"]
[ECO "A50"]
[Time "16:45:32"]
[TimeControl "2700+45"]

1. d4 Nf6 2. c4 Nc6 3. Nf3 e6 4. g3 Bb4+ 5. Bd2 Bxd2+ 6. Qxd2 O-O 7. Nc3 d5 8.
cxd5 exd5 9. Bg2 Re8 10. O-O Ne4 11. Qc2 Bf5 12. Qb3 Na5 13. Qxd5 Nxc3 14. Qxf5
Nxe2+ 15. Kh1 Nc6 16. Ng5 Qxd4 17. Qxh7+ Kf8 18. Qh8+ Ke7 19. Qh5 Kf6 20. Nh7+
{Black resigns} 1-0

[Event "Team 45 45 League T46"]
[Site "Internet Chess Club"]
[Date "2010.09.05"]
[Round "5"]
[White "vnchess"]
[Black "easycure"]
[Result "0-1"]
[WhiteElo "2246"]
[BlackElo "2327"]
[Opening "King's Indian: London system"]
[ECO "A48"]
[Time "21:03:11"]
[TimeControl "2700+45"]

1. d4 Nf6 2. Nf3 g6 3. Bf4 Bg7 4. e3 O-O 5. Nbd2 d6 6. h3 b6 7. Bd3 Bb7 8. O-O
Nbd7 9. Qe2 Re8 10. e4 e5 11. dxe5 dxe5 12. Bh2 Nh5 13. Rad1 Qe7 14. Qe3 Nc5 15.
Bc4 Nf4 16. Bxf4 exf4 17. Qxf4 Bxb2 18. Ng5 Rf8 19. Ndf3 Bg7 20. Nxf7 Rxf7 21.
Ng5 Rf8 22. Nxf7 Rxf7 23. Rfe1 Ne6 24. Qg4 Bc8 25. Rd3 Kh8 26. Red1 Rf8 27. Bxe6
Bxe6 28. Qg3 Bf6 29. f4 Bc4 30. Rd7 Qxe4 31. Rxc7 Rf7 32. Qa3 Bd4+ 33. Kh1 Rxc7
34. Qd6 Bd5 35. Qd8+ Kg7 36. Qxc7+ Kh6 {White resigns} 0-1